 Dungeon Crawl Stone Soup version 0.24.0-37-gcf1ca852f1 (webtiles) character file.

Game seed: 5688030201051418509, levelgen mode: deterministic

28 Iamsoldier the Insei (level 2, 0/21 HPs)
             Began as a Demonspawn Transmuter on Nov 27, 2019.
             Succumbed to an adder's poison
             ... on level 2 of the Dungeon.
             The game lasted 00:02:34 (1947 turns).

Iamsoldier the Insei (Demonspawn Transmuter)        Turns: 1947, Time: 00:02:35

Health: 0/21       AC:  2    Str: 10    XL:     2   Next: 96%
Magic:  5/5        EV: 12    Int: 14    God:
Gold:   73         SH:  0    Dex: 13    Spells: 2/5 levels left

rFire    . . .     SeeInvis .     - Unarmed
rCold    . . .     Gourm    .   (no shield)
rNeg     . . .     Faith    .   b - +0 robe
rPois    .         Spirit   .   (no helmet)
rElec    .         Reflect  .   (no cloak)
rCorr    .         Harm     .   (no gloves)
MR       .....                  (boots currently unavailable)
Stlth    ++........             (no amulet)
HPRegen  0.07/turn              (no ring)
MPRegen  0.09/turn              (no ring)

@: lethally poisoned (0 -> -8), appendage (expiring)
A: talons 3, nightstalker 1
a: End Transformation


You were on level 2 of the Dungeon.
You were not hungry.
You had grown temporary talons.
You visited 1 branch of the dungeon, and saw 2 of its levels.

You collected 73 gold pieces.

Inventory:

Missiles
 a - 32 arrows
Armour
 b - a +0 robe (worn)
Scrolls
 g - a scroll of fog {unknown}
 h - a scroll of blinking {unknown}
 i - 2 scrolls of teleportation {unknown}
 k - a scroll of identify {unknown}
Potions
 e - a potion of lignification {unknown}
 f - a potion of invisibility {unknown}
 j - a potion of haste {unknown}
Comestibles
 d - 3 rations


   Skills:
 + Level 1.4 Fighting
 + Level 2.0 Dodging
 + Level 2.8 Unarmed Combat
 * Level 2.4 Spellcasting
 * Level 2.1 Transmutations


You had 2 spell levels left.
You knew the following spells:

 Your Spells              Type           Power        Failure   Level  Hunger
a - Beastly Appendage     Tmut           #.....       10%         1    #......
b - Sticks to Snakes      Tmut           #.......     14%         2    ###....

Your spell library contained the following spells:

 Spells                   Type           Power        Failure   Level  Hunger
 Spider Form              Tmut/Pois      #.........   41%         3    ###....
 Ice Form                 Ice/Tmut       #.......     82%         4    #####..
 Blade Hands              Tmut           #.........   95%         5    ######.


Dungeon Overview and Level Annotations

Branches:
Dungeon (2/15)

Altars:


Innate Abilities, Weirdness & Mutations

You are slightly more attuned to the shadows.
You have claws for feet.


Message History

You feel sick. The adder bites you but does no damage.
It was a potion of curing.
You feel better. The adder bites you but does no damage.
You barely miss the adder.
The adder is lightly wounded.
The adder bites you.
You are poisoned.
The adder poisons you!
You feel sick.
You feel sick. The adder bites you.
* * * LOW HITPOINT WARNING * * *
You closely miss the adder.
The adder is lightly wounded.
The adder bites you.
* * * LOW HITPOINT WARNING * * *
You are more poisoned.
The adder poisons you!
You hit the adder.
The adder is lightly wounded.
You die...

#..# #..# ##. #..# ... #.#
#..# ###. #.# # #..# # #.#
#.# #.##..##### # #.# #.#
#......[... # #.# #.#
####S#^#### # #.# #.# #@#.#
# #.####.#######.#.########
# #........................
###..###.########..########
.....# #.# #..## .....#
#.########.#.####### ######
#.........###....... #
##########.#.####### #
##.##


You could see an adder.

Vanquished Creatures
  An adder (D:2)
  A dart slug (D:1)
  2 leopard geckos (D:1)
  3 hobgoblins
  2 kobolds
  A frilled lizard (D:1)
  2 goblins (D:1)
  4 rats
16 creatures vanquished.

Notes
Turn   | Place    | Note
-------+----------+-------------------------------------------
     0 | D:1      | Iamsoldier the Demonspawn Transmuter began the quest for
                  | the Orb.
     0 | D:1      | Reached XP level 1. HP: 15/15 MP: 3/3
   420 | D:1      | Gained mutation: You are slightly more attuned to the
                  | shadows. [demonic ancestry]
   420 | D:1      | Reached XP level 2. HP: 18/21 MP: 5/5
   496 | D:1      | Learned a level 2 spell: Sticks to Snakes
  1946 | D:2      | HP: 1/21 [adder (3)]
  1947 | D:2      | Succumbed to an adder's poison

Levels and vault maps discovered:
D:1:      scummos_arrival_hexagon, layout_basic, grunt_decor_resistance,
          interstate_on_off
D:2:      layout_loops_ring, lemuel_blue_sif_altar

Skill      XL: |  1  2 |
---------------+-------+-----
Transmutations | 2 |  2.1
Dodging        | 2 |  2.0
Fighting       | |  1.4
Unarmed Combat | |  2.8
Spellcasting   | |  2.4

Action                   || total
-------------------------++-------
Melee: Unarmed           ||    81
       Punch             ||     2
       Kick              ||     1
       Headbutt          ||     1
 Cast: Beastly Appendage ||     6
  Use: Potion            ||     2
 Stab: Sleeping          ||     3
  Eat: Chunk             ||     3
Armor: Robe              ||     7
Dodge: Dodged            ||    40
